 Dungeon Crawl Stone Soup version 0.30-a0-715-gdb4ae3ece1 (webtiles) character file.

Game seed: 1904813305287900261

6705 tio the Destroyer (level 10, -5/70 HPs)
             Began as a Demonspawn Wanderer on Jan 25, 2023.
             Was a High Priest of Cheibriados (penitent).
             Slain by a yak (7 damage)
             ... on level 9 of the Dungeon.
             The game lasted 01:02:32 (10182 turns).

tio the Destroyer (Demonspawn Wanderer)            Turns: 10182, Time: 01:02:33

Health: -5/70      AC: 11    Str: 15    XL:     10   Next: 74%
Magic:  0/22       EV: 13    Int: 14    God:    Cheibriados [*****.]
Gold:   415        SH:  5    Dex: 17    Spells: 24/25 levels left

rFire   + . .      SeeInvis .    l - +1 trident "Baplei" {venom, *Corrode rC+ Str+3}
rCold   . . .      Faith    .    (no shield)
rNeg    . . .      Spirit   +    o - +2 robe
rPois   .          Reflect  +    v - +0 helmet
rElec   .          Harm     .    g - +0 cloak
rCorr   .          Rampage  .    (gloves unavailable)
Will    .....                    d - +1 pair of boots
Stlth   +++                      m - amulet of reflection
HPRegen 0.31/turn                e - +4 ring of protection
MPRegen 0.36/turn                C - ring of fire

@: corroded, hasted, very slow
A: claws 3, molten scales 2, spiny 1, magic shield, magic regeneration
a: Renounce Religion


You were on level 9 of the Dungeon.
You worshipped Cheibriados.
Cheibriados was demanding penance.
You visited 2 branches of the dungeon, and saw 10 of its levels.
You also visited: Ossuary.

You collected 415 gold pieces.

Inventory:

Hand Weapons
 l - the +1 trident "Baplei" (weapon) {venom, *Corrode rC+ Str+3}
   (You found it on level 2 of the Dungeon)

   Str:       It affects your strength (+3).
   rC:        It protects you from cold.
   *Corrode:  It may corrode you when you take damage.
Missiles
 z - a throwing net
Armour
 d - a +1 pair of boots (worn)
 g - a +0 cloak (worn)
 o - a +2 robe (worn)
 v - a +0 helmet (worn)
Jewellery
 e - a +4 ring of protection (left claw)
 m - an amulet of reflection (around neck)
 q - an amulet of magic regeneration
 C - a ring of fire (right claw)
Wands
 b - a wand of polymorph (5)
 k - a wand of paralysis (4)
 r - a wand of light (2)
 w - a wand of mindburst (13)
Scrolls
 f - a scroll of identify
 i - a scroll of poison {unknown}
 j - 2 scrolls of fog
 p - 3 scrolls of enchant weapon
Potions
 a - 2 potions of attraction
 h - 2 potions of mutation
 n - a potion of invisibility
 t - 3 potions of haste
 u - a potion of cancellation
 x - 4 potions of degeneration
 B - a potion of magic


   Skills:
 + Level 3.1 Fighting
 + Level 4.1 Polearms
 + Level 2.1 Armour
 + Level 3.7 Dodging
 + Level 3.5 Stealth
 + Level 2.0 Shields
 + Level 8.1 Spellcasting
 + Level 9.4 Conjurations
 + Level 6.2 Air Magic
 + Level 1.4 Evocations


You had 24 spell levels left.
You knew the following spells:

 Your Spells              Type           Power      Damage    Failure   Level
a - Shock                 Conj/Air       100%       1d9       1%          1

Your spell library contained the following spells:

 Spells                   Type           Power      Damage    Failure   Level
 Kiss of Death            Conj/Necr      76%        2d11      1%          1
 Static Discharge         Conj/Air       54%        2-5/arc   1%          2
 Stone Arrow              Conj/Erth      36%        3d9       5%          3
 Iskenderun's Battlesphe  Conj           32%        2d8       7%          5
 Vhi's Electric Charge    Tloc/Air       28%        N/A       11%         3
 Necrotise                Necr           20%        1d5       12%         1
 Arcjolt                  Conj/Air       13%        1d23      14%         5
 Lightning Bolt           Conj/Air       13%        1d27      14%         5
 Lesser Beckoning         Tloc           10%        N/A       19%         2
 Sublimation of Blood     Necr           5%         N/A       19%         2
 Fulminant Prism          Conj/Hex       9%         3d7       19%         4
 Gell's Gravitas          Tloc           5%         N/A       36%         3
 Teleport Other           Tloc           5%         N/A       36%         3
 Vampiric Draining        Necr           5%         2d6       36%         3
 Fireball                 Conj/Fire      14%        3d8       45%         5
 Conjure Ball Lightning   Conj/Air       13%        3x3d6     61%         6
 Orb of Destruction       Conj           16%        9d7       91%         7


Dungeon Overview and Level Annotations

Branches:
Dungeon (9/15)             Temple (1/1) D:4         Ossuary (visited)
   Lair: D:8-11         Orc: D:9-12

Altars:
Ashenzari
Cheibriados
Dithmenos
Fedhas
Gozag
Hepliaklqana
Kikubaaqudgha
Makhleb
Nemelex Xobeh
Qazlal
Ru
Sif Muna
Trog
Vehumet
Wu Jian
Xom
Yredelemnul

Shops:
D:8 !

Annotations:
D:9 Harold


Innate Abilities, Weirdness & Mutations

You have claws for hands.
You are mostly covered in molten scales. (AC +3)
You are partially covered in sharp spines.
When hurt, damage is shared between your health and your magic reserves.
You regenerate magic rapidly.


Message History

The yak is struck by your spines. The yak gores you!
* * * LOW HITPOINT WARNING * * *
The yak misses you. The yak is struck by your spines.
The yak closely misses you.
You feel better. The yak closely misses you. The yak is struck by your spines.
The yak gores you but does no damage. The yak is struck by your spines.
The yak closely misses you. You block the yak's attack.
You feel better. The yak is struck by your spines.
The yak gores you but does no damage. The yak is struck by your spines.
The yak closely misses you. The yak gores you. x2
The yak completely misses you.
Really quaff the potion of haste?
This action would place you under penance! [Y]es or [N]o only, please.
Really quaff the potion of haste?
This action would place you under penance!
You feel yourself speed up.
Cheibriados thinks you should slow down.
You feel extremely guilty.
Cheibriados lowers the support of your attributes as your movement quickens. "You will pay for your transgression, mortal!"
The yak is struck by your spines. The yak gores you but does no damage.
The yak gores you!
* * * LOW HITPOINT WARNING * * *
The yak gores you!
* * * LOW HITPOINT WARNING * * *
The yak is struck by your spines. The yak misses you.
The yak gores you but does no damage. The yak barely misses you.
The yak attacks as you move away! The yak is struck by your spines.
The yak gores you!
* * * LOW HITPOINT WARNING * * *
The yak gores you but does no damage. You block the yak's attack.
The yak misses you. The yak gores you. The yak is struck by your spines.
The yak gores you but does no damage. The yak attacks as you move away!
The yak is struck by your spines. The yak barely misses you.
You block the yak's attack. You block the yak's attack. The yak gores you.
* * * LOW HITPOINT WARNING * * *
Your corrosive artefact corrodes you!
The yak attacks as you move away! The yak gores you!
You die...

.b@Y.####.....#.......#.#########
bbYb.†..Y...~#...................
Y.bb.>..##.....#.#....#...####...
.o....#........#.#...###....##.#.
.....##§.##.....†....###..#......
####...§Y##...#...Y..##......#...
########...#Y.Y.$.#(..........
#....YYYY..............
#...$.@.#####.....#.### ###.#..##
#.....#.## ....... #.....#..##
##....... ########.†# #....#....
##.# ##...#..... #.. #...#.....#
##. #...#.....# . .


You could see 6 yaks and an ice beast.

Vanquished Creatures
  The ghost of wormed the Sneak, a journeyman DsFE of Vehumet (D:8)
  Pikel (D:6)
  A rime drake (D:9)
  A troll (D:9)
  8 yaks
  Menkaure (D:5)
  A water moccasin (D:7)
  3 orc warriors
  9 ice beasts
  A sky beast (D:8)
  A black bear (D:5)
  An ogre (D:4)
  2 wolves (D:9)
  A centaur (D:8)
  A lemure (D:6)
  2 kobold brigands
  A phantom (D:4)
  Blork the orc (D:5)
  7 bullfrogs
  4 necrophages
  5 wights (D:7)
  3 howler monkeys
  An orc priest (D:9)
  A gnoll bouda (D:6)
  4 hounds
  A jelly (D:5)
  Jessica (D:3)
  Terence (D:3)
  3 iguanas
  7 orc wizards
  A mummy (Ossuary)
  A killer bee simulacrum (D:8)
  10 gnolls
  6 adders
  5 white imps
  An ufetubus (D:5)
  A worm (D:2)
  2 dart slugs (D:1)
  43 orcs
  4 spectral bats (Ossuary)
  6 ball pythons
  5 endoplasms
  4 giant cockroaches
  12 gnoll zombies (Ossuary)
  8 goblins
  7 hobgoblins
  6 jackals (D:2)
  5 quokkas
  7 bats
  4 bat simulacra (Ossuary)
  2 frilled lizards
  2 goblin simulacra (Ossuary)
  2 goblin zombies (Ossuary)
  7 hobgoblin zombies (Ossuary)
  16 kobolds
  3 kobold simulacra (Ossuary)
  7 kobold zombies (Ossuary)
  2 orc zombies (Ossuary)
  9 rats
  2 rat simulacra (Ossuary)
  3 spectral goblins (Ossuary)
  A spectral kobold (Ossuary)
  A spectral rat (Ossuary)
270 creatures vanquished.

Vanquished Creatures (others)
  A goblin (D:3)
  A frilled lizard (D:3)
2 creatures vanquished.

Grand Total: 272 creatures vanquished

Notes
Turn   | Place    | Note
-------+----------+-------------------------------------------
     0 | D:1      | tio the Demonspawn Wanderer began the quest for the Orb.
     0 | D:1      | tio set off with the following items: a +0 spear, a +0
                  | scale mail, a scroll of teleportation; and the following
                  | spell memorised: Shock; and the following spells available
                  | to memorise: Stone Arrow, Fulminant Prism.
     0 | D:1      | Reached XP level 1. HP: 15/15 MP: 2/2
   297 | D:1      | Gained mutation: You are partially covered in sharp spines.
                  | [demonic ancestry]
   297 | D:1      | Reached XP level 2. HP: 21/21 MP: 0/3
  1120 | D:1      | Gained mutation: You have sharp fingernails. [demonic
                  | ancestry]
  1120 | D:1      | Reached XP level 3. HP: 26/26 MP: 0/4
  1240 | D:2      | Reached skill level 1 in Air Magic
  1498 | D:2      | Identified the +1 trident "Baplei" {venom, *Corrode rC+
                  | Str+3}
  1666 | D:2      | Gained mutation: You have very sharp fingernails. [demonic
                  | ancestry]
  1666 | D:2      | Reached XP level 4. HP: 21/32 MP: 1/5
  2517 | D:3      | Noticed Jessica
  2524 | D:3      | Killed Jessica
  2788 | D:3      | Reached skill level 5 in Conjurations
  2788 | D:3      | Gained mutation: You regenerate magic rapidly. [demonic
                  | ancestry]
  2788 | D:3      | Reached XP level 5. HP: 27/37 MP: 1/7
  2858 | D:3      | Found a faded altar of an unknown god.
  2886 | D:3      | Prayed at the altar of an unknown god.
  2886 | D:3      | Became a worshipper of Kikubaaqudgha
  2886 | D:3      | Reached * piety under Kikubaaqudgha
  2886 | D:3      | Received a gift from Kikubaaqudgha
  2992 | D:3      | Noticed Terence
  3002 | D:3      | Killed Terence
  3517 | D:4      | Noticed an ogre
  3528 | D:4      | Killed an ogre
  3529 | D:4      | Gained mutation: You have claws for hands. [demonic
                  | ancestry]
  3529 | D:4      | Reached XP level 6. HP: 30/43 MP: 1/9
  3673 | D:4      | Found a staircase to the Ecumenical Temple.
  3784 | D:4      | Gained mutation: When hurt, damage is shared between your
                  | health and your magic reserves. [demonic ancestry]
  3784 | D:4      | Reached XP level 7. HP: 48/49 MP: 8/12
  4064 | D:4      | Reached ** piety under Kikubaaqudgha
  4268 | Temple   | Entered the Ecumenical Temple
  4503 | Temple   | Fell from the grace of Kikubaaqudgha
  4503 | Temple   | Became a worshipper of Cheibriados the Contemplative
  4558 | D:5      | Entered Level 5 of the Dungeon
  5070 | D:5      | Noticed Menkaure
  5077 | D:5      | Killed Menkaure
  5078 | D:5      | Reached skill level 6 in Conjurations
  5172 | D:5      | Gained mutation: You are partially covered in molten
                  | scales. (AC +2) [demonic ancestry]
  5172 | D:5      | Reached XP level 8. HP: 53/56 MP: 7/14
  5347 | D:5      | Noticed Blork the orc
  5364 | D:5      | Killed Blork the orc
  5706 | D:6      | Reached * piety under Cheibriados
  5710 | D:6      | Reached skill level 5 in Spellcasting
  5714 | D:6      | Reached skill level 1 in Dodging
  6035 | D:6      | Found a sacrificial altar of Ru.
  6125 | D:6      | Noticed Pikel
  6136 | D:6      | Killed Pikel
  6137 | D:6      | Reached skill level 1 in Shields
  6137 | D:6      | Reached skill level 7 in Conjurations
  6137 | D:6      | Reached XP level 9. HP: 53/62 MP: 3/17
  6713 | D:7      | Found a sand-covered staircase.
  6722 | Ossuary  | Entered an ossuary
  6810 | Ossuary  | Reached ** piety under Cheibriados
  7153 | Ossuary  | Reached *** piety under Cheibriados
  7446 | D:7      | Found a broken altar of Ashenzari.
  7471 | D:7      | Reached skill level 5 in Air Magic
  7919 | D:7      | Reached **** piety under Cheibriados
  7920 | D:7      | Reached skill level 8 in Conjurations
  8092 | D:7      | Was forgiven by Kikubaaqudgha
  8667 | D:8      | Noticed wormed's ghost (journeyman DsFE)
  8680 | D:8      | Found a runed translucent gate.
  8680 | D:8      | Found a runed translucent gate.
  8680 | D:8      | Found a runed translucent gate.
  8920 | D:8      | Found a blossoming altar of Fedhas.
  9150 | D:8      | Found Watiedekh's Distillery.
  9156 | D:8      | Reached ***** piety under Cheibriados
  9157 | D:8      | Gained mutation: You are mostly covered in molten scales.
                  | (AC +3) [demonic ancestry]
  9157 | D:8      | Reached XP level 10. HP: 66/69 MP: 13/20
  9400 | D:8      | Killed wormed's ghost
  9401 | D:8      | Reached skill level 9 in Conjurations
  9571 | D:9      | Noticed Harold
 10033 | D:9      | Reached skill level 1 in Evocations
 10177 | D:9      | Was placed under penance by Cheibriados
 10178 | D:9      | HP: 1/70 [yak (11)]
 10182 | D:9      | Slain by a yak

Illustrated notes

Levels and vault maps discovered:
D:1:      amcnicky_arrival_choice, layout_basic, minivault_19,
          palyth_stone_intersect
D:2:      layout_loops_ring
D:3:      layout_basic, ebering_ecumenical_altar_rust, uniq_jessica,
          uniq_terence
D:4:      layout_loops_ring, minmay_temple_entry_water_ring
D:5:      layout_loops_ring, minmay_crystal_room, uniq_blork_the_orc,
          uniq_menkaure
D:6:      layout_cave_pods, nicolae_ru_awakened_eye,
          ebering_dispersal_statue_hall, uniq_pikel
D:7:      layout_basic, mainiacjoe_overflow_six_doors_small, enter_ossuary_1,
          grunt_ministairs_4
D:8:      layout_basic, mainiacjoe_overflow_small_starburst, serial_shops,
          nicolae_shop_waterfront, gammafunk_ghost_icy
D:9:      layout_rooms, amethyst_overflow_temple_binary,
          hellmonk_lair_entry_icy, serial_corexii_hall,
          chequers_hall_statues_corner_a, chequers_hall_statues_y, uniq_harold
Temple:   bh_familiar_temple

Skill      XL: |  1  2  3  4  5  6  7  8  9 10 |
---------------+-------------------------------+-----
Armour         | 2 |  2.1
Air Magic      | 1 2 3 4 5 6 |  6.2
Conjurations   | 5 6 7 8 9 |  9.4
Spellcasting   | 2 3 4 5 7 8 |  8.1
Polearms       | 2 3 4 |  4.1
Stealth        | 2 3 |  3.5
Fighting       | 2 3 |  3.1
Dodging        | 2 3 |  3.7
Shields        | 1 2 |  2.0
Evocations     | 1 |  1.4

Action                     |  1- 3 |  4- 6 |  7- 9 | 10-12 || total
---------------------------+-------+-------+-------+-------++-------
  Melee: Spear             |    41 |       |       |       ||    41
         Trident           |     7 |    47 |    66 |    36 ||   156
         Punch             |       |     1 |       |     1 ||     2
   Cast: Shock             |    59 |   112 |   403 |   100 ||   674
 Invoke: Unearth Wretches  |       |     1 |       |       ||     1
  Evoke: Wand              |       |       |       |    19 ||    19
    Use: Scroll            |       |     6 |    15 |     6 ||    27
         Potion            |       |       |     4 |     5 ||     9
   Stab: Sleeping          |       |       |     2 |       ||     2
         Invisible         |       |       |       |     2 ||     2
 Armour: Robe              |     8 |    18 |    69 |    66 ||   161
  Dodge: Dodged            |    19 |    20 |    76 |    93 ||   208
  Block: Other             |     1 |     9 |    35 |    41 ||    86
         Reflection        |       |     2 |     2 |     1 ||     5

Table legend: (Time is in decaauts)
 A = Elapsed time spent in this place.
 B = Non-inter-level travel time spent in this place.
 C = Inter-level travel time spent in this place.
 D = Time resting spent in this place.
 E = Time spent auto-exploring this place.
 F = Levels seen in this place.
 G = Mean time per level.
                   A        B        C        D        E       F      G
               +--------+--------+--------+--------+--------+-----+--------+
         Total |  11973 |  11141 |    832 |      0 |   9422 |  11 | 1088.5 |
       Dungeon |  11003 |  10254 |    749 |      0 |   8744 |   9 | 1222.6 |
        Temple |    249 |    166 |     83 |      0 |    157 |   1 |  249.0 |
       Ossuary |    721 |    721 |      0 |      0 |    520 |   1 |  721.0 |
               +--------+--------+--------+--------+--------+-----+--------+

Top non-repeatable levels by time:
     D:7: 1902 daAuts
     D:6: 1338 daAuts
     D:8: 1329 daAuts
     D:5: 1300 daAuts
     D:1: 1233 daAuts
     D:2: 1068 daAuts
     D:4: 1059 daAuts
     D:3: 973 daAuts
     D:9: 798 daAuts
 Ossuary: 721 daAuts
  Temple: 249 daAuts
